 Dungeon Crawl Stone Soup version 0.19-a0-1821-g42c593c (webtiles) character file.

165 TheGoonsmith the Magician (level 5, -2/35 HPs)
             Began as a Demonspawn Wizard on Oct 6, 2016.
             Was a Follower of Cheibriados.
             Slain by Grinder (7 damage)
             ... on level 3 of the Dungeon.
             The game lasted 00:05:25 (3258 turns).

TheGoonsmith the Magician (Demonspawn Wizard)       Turns: 3258, Time: 00:05:26

Health: -2/35      AC:  5    Str: 10    XL:     5   Next: 21%
Magic:  0/11       EV: 12    Int: 21    God:    Cheibriados [*.....]
Gold:   138        SH:  0    Dex: 14    Spells: 4 memorised, 3 levels left

rFire  . . .     SeeInvis .     e - +0 club
rCold  . . .     Gourm    .     g - +0 leather armour (curse)
rNeg   . . .     Faith    .     (no shield)
rPois  .         Spirit   .     b - +0 hat
rElec  .         Dismiss  .     (no cloak)
rCorr  .         Reflect  .     (no gloves)
MR     .....     Harm     .     (no boots)
Stlth  ++........               (no amulet)
                                (no ring)
                                (no ring)

@: very slow
A: yellow scales 1, powered by death 1
a: Bend Time, Renounce Religion


You were on level 3 of the Dungeon.
You worshipped Cheibriados.
Cheibriados was aware of your devotion.
You were not hungry.

You visited 1 branch of the dungeon, and saw 3 of its levels.

You collected 138 gold pieces.

Inventory:

Hand Weapons
 e - a +0 club (weapon)
Armour
 a - a +0 robe
 b - a +0 hat (worn)
 g - a cursed +0 leather armour (worn)
 r - a +1 robe of magic resistance
Jewellery
 l - a +2 ring of evasion {unknown}
 m - an uncursed ring of fire {unknown}
Scrolls
 f - 5 scrolls of identify {unknown}
 h - 2 scrolls of enchant armour {unknown}
 j - a scroll of random uselessness {unknown}
 p - a scroll of amnesia {unknown}
Potions
 n - 2 potions of flight
Books
 c - a book of Minor Magic

   Spells                             Type                      Level
   a - Magic Dart                     Conjuration                  1
   b - Blink                          Translocation                2
   c - Call Imp                       Summoning                    2
   d - Repel Missiles                 Charms/Air                   2
   e - Slow                           Hexes                        2
   f - Conjure Flame                  Conjuration/Fire             3
   g - Mephitic Cloud                 Conjuration/Poison/Air       3
 q - a book of Misfortune

   Spells                             Type                      Level
   a - Confusing Touch                Hexes                        1
   b - Confuse                        Hexes                        3
   c - Gell's Gravitas                Hexes/Translocation          3
   d - Petrify                        Transmutation/Earth          4
   e - Metabolic Englaciation         Hexes/Ice                    5
   f - Yara's Violent Unravelling     Hexes/Transmutation          5
Comestibles
 i - 2 meat rations
 k - a royal jelly


   Skills:
 - Level 1.7 Dodging
 - Level 1.7 Stealth
 + Level 4.1 Spellcasting
 * Level 4.0 Conjurations
   Level 1.0 Summonings
   Level 0.8 Translocations


You had 3 spell levels left.
You knew the following spells:

 Your Spells              Type           Power        Failure   Level  Hunger
a - Magic Dart            Conj           ###.         3%          1    None
c - Conjure Flame         Conj/Fire      ##......     21%         3    ###....
r - Repel Missiles        Chrm/Air       #.....       24%         2    #......
x - Mephitic Cloud        Conj/Pois/Air  ##......     34%         3    ###....


Dungeon Overview and Level Annotations

Branches:
Dungeon (3/15)

Altars:
Cheibriados
Okawaru

Annotations:
D:3 Grinder


Innate Abilities, Weirdness & Mutations

You are partially covered in yellow scales. (AC +2)
You regenerate a little health from kills.


Message History

You hit Grinder but do no damage.
Grinder is severely wounded.
Grinder hits you but does no damage. Grinder hits you!
* * * LOW HITPOINT WARNING * * *
You are too injured to fight recklessly!
Casting: Magic Dart
Confirm with . or Enter, or press ? or * to list all spells.
Aiming: Magic Dart
Press: ? - help, Shift-Dir - straight line, f/p - Grinder
Aim: Grinder (severely wounded)
The magic dart hits Grinder.
Grinder is almost dead.
Grinder says, "There's only one good use for a tongue: cutting it out."
Grinder gestures at you. You resist with significant effort.
Okay, then.
You closely miss Grinder.
Grinder is almost dead.
Grinder hits you!
You die...

############# #######
.....##.....## ##.....##
.............####....)..##
..............##.........#
..............##.........#
..............##.........#
..............#..........#
....)..(........@........#
.##
.................5......##
...
.........>...(...........#
...
.....##.....##....[......#
...
##############...........#
... #...........# ...
#...........#####.#
##............##..#
#.........###.ยง...#


You could see Grinder.

Vanquished Creatures
  An orc priest (D:3)
  An orc wizard (D:3)
  The ghost of PurpleRed the Conjurer, a weakling KoCj (D:3)
  2 adders
  A worm (D:2)
  3 dart slugs
  3 leopard geckos
  2 orcs (D:3)
  5 giant cockroaches
  9 hobgoblins
  5 quokkas
  9 bats
  5 goblins
  8 kobolds
  4 rats
59 creatures vanquished.

Notes
Turn   | Place    | Note
-------+----------+-------------------------------------------
     0 | D:1      | TheGoonsmith the Demonspawn Wizard began the quest for the Orb.
     0 | D:1      | Reached XP level 1. HP: 13/13 MP: 4/4
   291 | D:1      | Gained mutation: You are partially covered in yellow scales. (AC +2) [demonic ancestry]
   291 | D:1      | Reached XP level 2. HP: 19/19 MP: 0/6
  1083 | D:2      | Reached XP level 3. HP: 24/24 MP: 4/7
  1270 | D:2      | Found an iron altar of Okawaru.
  1677 | D:2      | Found a snail-covered altar of Cheibriados.
  1884 | D:2      | Became a worshipper of Cheibriados the Contemplative
  2301 | D:3      | Reached XP level 4. HP: 30/30 MP: 0/9
  2314 | D:3      | Noticed PurpleRed's ghost (weakling KoCj)
  2543 | D:3      | Reached * piety under Cheibriados
  2577 | D:3      | Gained mutation: You regenerate a little health from kills. [demonic ancestry]
  2577 | D:3      | Reached XP level 5. HP: 11/35 MP: 0/11
  2866 | D:3      | Killed PurpleRed's ghost
  2890 | D:3      | Found a faded altar of an unknown god.
  2902 | D:3      | Learned a level 3 spell: Mephitic Cloud
  2906 | D:3      | Learned a level 3 spell: Conjure Flame
  2909 | D:3      | Learned a level 2 spell: Repel Missiles
  2942 | D:3      | Noticed Grinder
  2962 | D:3      | Paralysed by Grinder for 4 turns
  3258 | D:3      | Slain by Grinder

Vault maps used:
D:1:      kennysheep_arrival_forest
D:2:      kennysheep_six_static_rooms, okawaru_metal_pillars_1_2,
          kennysheep_slug_shrine
D:3:      ecumenical_altar_2, due_unseen_surprise, uniq_grinder

Skill      XL: |  1  2  3  4  5 |
---------------+----------------+-----
Conjurations   | 2 3 4 |  4.0
Spellcasting   | 4 |  4.1
Dodging        | |  1.7
Stealth        | |  1.7
Summonings     | |  1.0
Translocations | |  0.8

Action                   |  1- 3 |  4- 6 || total
-------------------------+-------+-------++-------
Melee: Club              |    18 |    39 ||    57
 Cast: Magic Dart        |   142 |    57 ||   199
  Use: Potion            |       |     5 ||     5
  Eat: Chunk             |     4 |     1 ||     5
       Bread ration      |       |     1 ||     1
Armor: Robe              |     2 |       ||     2
       Leather armour    |    15 |    22 ||    37
Dodge: Dodged            |    29 |    33 ||    62
